 Dungeon Crawl Stone Soup version 0.24-a0-269-g32ec7ca (webtiles) character file.

Game seed: 199012717573996016

184 Pompelm0 the Sneak (level 5, -1/63 HPs)
             Began as a Naga Wanderer on Apr 21, 2019.
             Slain by an ice beast (11 damage)
             ... on level 5 of the Dungeon.
             The game lasted 00:10:24 (2604 turns).

Pompelm0 the Sneak (Naga Wanderer)                  Turns: 2604, Time: 00:10:25

Health: -1/63      AC: 22    Str: 16    XL:     5   Next: 64%
Magic:  6/6        EV:  1    Int: 12    God:
Gold:   99         SH:  2    Dex: 10    Spells: 6/6 levels left

rFire    . . .     SeeInvis +   d - +0 mace
rCold    . . .     Gourm    .   (no shield)
rNeg     + + +     Faith    .   (armour currently unavailable)
rPois    +         Spirit   .   (helmet currently unavailable)
rElec    .         Reflect  +   (cloak currently unavailable)
rCorr    .         Harm     .   (gloves currently unavailable)
MR       .....     NoTele   +   (no barding)
Stlth    ++++......             o - +2 amulet of reflection
HPRegen  0.20/turn              m - ring of stealth
MPRegen  0.10/turn              h - +2 ring of evasion

@: tree-form
A: large, see invisible, slow metabolism 1, spit poison 1, AC +1
a: Spit Poison


You were on level 5 of the Dungeon.
You were not hungry.
You were a tree.
You visited 1 branch of the dungeon, and saw 4 of its levels.

You collected 99 gold pieces.

Inventory:

Hand Weapons
 a - a +0 shortbow
 d - a +0 mace (weapon)
Missiles
 c - 46 arrows
 g - 6 poisoned needles
Armour
 l - a +4 scale mail (melded)
 r - a +2 pair of gloves
Jewellery
 h - a +2 ring of evasion (right branch)
 m - a ring of stealth (left branch)
 o - a +2 amulet of reflection (around neck)
Scrolls
 i - a scroll of identify
 k - a scroll of enchant armour
 n - a scroll of remove curse
 p - a scroll of teleportation
Comestibles
 b - 7 chunks of flesh
 f - 6 rations


   Skills:
 + Level 3.7 Maces & Flails
 - Level 1.0 Throwing
 - Level 1.5 Armour
 + Level 6.1 Stealth
 - Level 1.0 Spellcasting
   Level 4.0 Ice Magic


You had 6 spell levels left.
You didn't know any spells.
Your spell library was empty.

Dungeon Overview and Level Annotations

Branches:
Dungeon (3/15)

Altars:
Ashenzari
Yredelemnul

Annotations:
D:2 1 runed translucent door


Innate Abilities, Weirdness & Mutations

You cannot wear boots.
((Your serpentine skin is tough. (AC +1)))
You have supernaturally acute eyesight. (SInv)
((Armour fits poorly on your strangely shaped body.))
((Your system is resistant to poisons. (rPois)))
((You cover ground very slowly.))
You have a slow metabolism.
You can spit poison.


Message History

As you read the scroll labeled VOPTUL POTI, it crumbles to dust.
You feel a strange sense of stasis.
It was a scroll of teleportation.
The ice beast hits you but does no damage.
The orc hits you but does no damage. x2
The orc wizard hits you but does no damage.
The orc wizard mumbles some strange words.
The orc wizard blinks!
The orc hits you but does no damage.
As you read the scroll labeled ZIEZ ETIACO, it crumbles to dust.
You feel blessed for a moment.
It was a scroll of remove curse.
The orc wizard gestures wildly while chanting.
The orc wizard blinks!
The ice beast hits you but does no damage.
The orc hits you but does no damage. x3
As you read the scroll labeled BIFAFA ZONUTHI, it crumbles to dust.
It is a scroll of enchant armour.
Nothing appears to happen.
The orc hits you but does no damage. The ice beast hits you.
* * * LOW HITPOINT WARNING * * *
The ice beast freezes you!
You die...

..... ....##..##......
..##. ....... .........
#.... #......##........
#.... #......#...o..
..####... ............#
...##...
............#####..##.#.
##....oo..o..#..##).#.#.
#.....§♣o...........#...
##....o.Y..###......###.
#.........## ###.....##.
#........... ##....#..
...<......... #..#....
............... #.......
............... #.....##
#......##.##...>......#
#.###...#


You could see an ice beast, 2 orc wizards and 4 orcs.

Vanquished Creatures
  A big kobold (D:3)
  3 adders
  3 oozes
  A dart slug (D:1)
  2 worms (D:2)
  4 leopard geckos
  An orc (D:3)
  A ball python (D:1)
  3 bats
  4 giant cockroaches
  12 goblins
  6 hobgoblins
  4 jackals (D:3)
  2 kobolds
  A quokka (D:3)
  2 frilled lizards (D:2)
  A goblin zombie (D:2)
  A kobold skeleton (D:2)
  9 rats
61 creatures vanquished.

Notes
Turn   | Place    | Note
-------+----------+-------------------------------------------
     0 | D:1      | Pompelm0 the Naga Wanderer began the quest for the Orb.
     0 | D:1      | Pompelm0 set off with the following items: a +0 shortbow, a
                  | +2 scale mail, 26 arrows, a +0 mace, a ration
     0 | D:1      | Reached XP level 1. HP: 15/15 MP: 2/2
    10 | D:1      | Reached skill level 2 in Stealth
    69 | D:1      | Reached XP level 2. HP: 22/22 MP: 3/3
   369 | D:1      | Reached skill level 3 in Stealth
   506 | D:1      | Reached XP level 3. HP: 28/28 MP: 4/4
  1007 | D:2      | Reached skill level 4 in Stealth
  1226 | D:2      | Found a shattered altar of Ashenzari.
  1244 | D:2      | Reached XP level 4. HP: 6/36 MP: 5/5
  1690 | D:2      | Noticed a human
  1695 | D:2      | Found a runed translucent door.
  1715 | D:2      | Found a basalt altar of Yredelemnul.
  2190 | D:3      | Reached skill level 5 in Stealth
  2202 | D:3      | Noticed a big kobold
  2225 | D:3      | Killed a big kobold
  2225 | D:3      | Reached XP level 5. HP: 24/42 MP: 6/6
  2439 | D:3      | Reached skill level 6 in Stealth
  2545 | D:3      | You fall through a shaft for 2 floors!
  2545 | D:5      | Entered Level 5 of the Dungeon
  2586 | D:5      | Noticed an ice beast
  2604 | D:5      | Slain by an ice beast

Levels and vault maps discovered:
D:1:      minmay_arrival_five_plusses, layout_basic
D:2:      kennysheep_the_goblin_king, layout_basic,
          nicolae_overflow_crystal_walls, dk_yredelemnul_ordeal
D:3:      layout_basic, vehumet_crystals, first_ration, minivault_11
D:5:      layout_cave_pools, gammafunk_temple_overflow_statue,
          minmay_shop_damaged, lemuel_altar_in_water

Skill      XL: |  1  2  3  4  5 |
---------------+----------------+-----
Stealth        | 2 3 4 5 6 |  6.1
Maces & Flails | 2 3 |  3.7
Throwing       | |  1.0
Armour         | |  1.5
Spellcasting   | |  1.0
Ice Magic      | |  4.0

Action                   |  1- 3 |  4- 6 || total
-------------------------+-------+-------++-------
Melee: Mace              |    58 |    26 ||    84
 Fire: Shortbow          |    43 |   136 ||   179
 Abil: Spit Poison       |       |     2 ||     2
  Use: Potion            |     2 |     1 ||     3
       Scroll            |       |     6 ||     6
  Eat: Chunk             |       |     4 ||     4
Armor: Scale mail        |    54 |    82 ||   136
       Skin              |       |    54 ||    54
Dodge: Dodged            |    39 |    49 ||    88
Block: Other             |     1 |     7 ||     8

Table legend:
 A = Non-vault XP
 B = Vault XP
 C = Vault XP percentage of total XP
 D = Non-vault monster count
 E = Vault monster count
 F = Vault count percentage of total count
                 A         B        C        D         E       F
            +---------+---------+-------+---------+---------+-------
      Total |     248 |      16 |   6.1 |      52 |       9 |  14.8
            +---------+---------+-------+---------+---------+-------
        D:1 |      40 |       0 |   0.0 |      17 |       0 |   0.0
        D:2 |      68 |      16 |  19.0 |      20 |       9 |  31.0
        D:3 |     140 |       0 |   0.0 |      15 |       0 |   0.0
            +---------+---------+-------+---------+---------+-------
